 Dungeon Crawl Stone Soup version 0.23.1 (webtiles) character file.

Game seed: 2702447286254373696

39 Borgoz the Grasshopper (level 3, -7/29 (30) HPs)
             Began as a Ghoul Warper on Mar 13, 2019.
             Engulfed by a cloud of flame (18 damage)
             ... on level 1 of the Dungeon.
             The game lasted 00:02:49 (1858 turns).

Borgoz the Grasshopper (Ghoul Warper)               Turns: 1858, Time: 00:02:50

HP:   -7/29 (30)    AC:  3    Str: 14    XL:     3   Next: 45%
MP:   5/5           EV: 12    Int:  8    God:
Gold: 71            SH:  0    Dex:  9    Spells: 6/6 levels left

rFire    . . .     SeeInvis .   b - +2 dagger (protect)
rCold    + . .     Gourm    .   (no shield)
rNeg     + + +     Faith    .   l - +0 leather armour
rPois    ∞         Spirit   .   (no helmet)
rElec    .         Reflect  .   (no cloak)
rCorr    .         Harm     .   (no gloves)
MR       .....                  (no boots)
Stlth    +.........             (no amulet)
HPRegen  0.09/turn              (no ring)
MPRegen  0.09/turn              (no ring)

@: rotting
A: rotting body, claws 1, carnivore, cold resistance 1, negative energy
resistance 3, inhibited regeneration, torment resistance, unbreathing
a: no special abilities


You were on level 1 of the Dungeon.
You were not hungry.

You visited 1 branch of the dungeon, and saw 1 of its levels.

You collected 71 gold pieces.

Inventory:

Hand Weapons
 a - a +0 short sword
 b - a +2 dagger of protection (weapon)
Missiles
 e - 5 tomahawks of dispersal (quivered)
 i - 11 poisoned needles
Armour
 l - a +0 leather armour (worn)
Wands
 m - a wand of iceblast (5)
Potions
 d - a potion of invisibility
 h - 2 potions of haste
 j - a potion of curing
Comestibles
 f - 2 rations


   Skills:
 + Level 2.5 Fighting
 * Level 2.2 Short Blades
 - Level 0.8 Throwing
 * Level 1.3 Armour
 + Level 2.1 Dodging
 + Level 1.1 Stealth
 + Level 2.0 Spellcasting
   Level 2.6 Translocations


You had 6 spell levels left.
You didn't know any spells.
Your spell library contained the following spells:

 Spells                   Type           Power        Failure   Level  Hunger
 Blink                    Tloc           N/A          22%         2    ###....
 Shroud of Golubria       Chrm/Tloc      #.........   36%         2    ###....
 Gell's Gravitas          Tloc           #.........   41%         3    ####...
 Lesser Beckoning         Tloc           #.........   41%         3    ####...
 Teleport Other           Tloc           #.......     41%         3    ####...
 Passage of Golubria      Tloc           N/A          82%         4    #####..


Dungeon Overview and Level Annotations

Branches:
Dungeon (1/15)

Altars:


Innate Abilities, Weirdness & Mutations

Your body is rotting away.
You thrive on raw meat.
You are immune to poison.
You have sharp fingernails.
You are carnivorous and can eat meat at any time.
Your flesh is cold resistant. (rC+)
You are immune to negative energy. (rN+++)
You do not regenerate when monsters are visible.
You are immune to unholy pain and torment.
You can survive without breathing.


Message History

As you read the scroll labeled KAKORR ERUUQO, it crumbles to dust.
You feel momentarily disoriented.
It was a scroll of magic mapping.
You start resting.
Your magical contamination has completely faded away.
You start resting.
You feel your flesh rotting away.
You start resting.
HP restored.
Really walk into a travel-excluded area?
Really walk into that cloud of flame? [Y]es or [N]o only, please.
Really walk into that cloud of flame? [Y]es or [N]o only, please.
Really walk into that cloud of flame?
Okay, then.
You are engulfed in blazing flames.
Ouch! That really hurt!
You are engulfed in blazing flames.
Ouch! That really hurt!
You die...

#.#.##.##.......######
#.#.##.##.##.#.......#
#....[.##.##.#..####.##
###.#####.....### #...#
.......##.##### #☼§°#
.##.##.##.....# #§§○#
.......#......# #☼.§#
.......#......#####...######
...............☼@☼.....○§○.##
.##............§§§.....§§°..#
......>#.......§○§..)..§☼§..#
.##....#......#####...#####.#
.......#......# #☼°§# #.#
.......#.###### #☼§☼# #.#
###......###### #§§§# #.#
#.######....#####...# #.# #.#
#.#####.###..#####.#


There were no monsters in sight!

Vanquished Creatures
  A dart slug (D:1)
  3 leopard geckos (D:1)
  4 giant cockroaches (D:1)
  5 goblins (D:1)
  3 hobgoblins (D:1)
  5 kobolds (D:1)
  4 bats (D:1)
  A frilled lizard (D:1)
  2 rats (D:1)
28 creatures vanquished.

Notes
Turn   | Place    | Note
-------+----------+-------------------------------------------
     0 | D:1      | Borgoz the Ghoul Warper began the quest for the Orb.
     0 | D:1      | Reached XP level 1. HP: 17/17 MP: 2/2
    19 | D:1      | Reached skill level 1 in Armour
   172 | D:1      | Reached XP level 2. HP: 10/24 MP: 3/3
   779 | D:1      | Reached skill level 1 in Stealth
   795 | D:1      | Reached XP level 3. HP: 9/30 MP: 3/5
  1858 | D:1      | Engulfed by a cloud of flame

Skill      XL: |  1  2 |
---------------+-------+-----
Armour         | 1 |  1.3
Short Blades   | 2 |  2.2
Dodging        | 2 |  2.1
Stealth        | 1 |  1.1
Spellcasting   | 2 |  2.0
Fighting       | |  2.5
Throwing       | |  0.8
Translocations | |  2.6

Action                   || total
-------------------------++-------
Melee: Short sword       ||   121
       Dagger            ||     3
  Use: Scroll            ||     6
  Eat: Chunk             ||     9
Armor: Leather armour    ||    39
Dodge: Dodged            ||    94
